 Dungeon Crawl Stone Soup version 0.30-a0-639-g3916f1956a (webtiles) character file.

Game seed: 11940081222779844622

29 ooooo the Conjurer (level 3, 25/27 HPs)
             Began as a Demonspawn Conjurer on Jan 16, 2023.
             Quit the game on level 2 of the Dungeon.
             The game lasted 00:02:26 (1247 turns).

ooooo the Conjurer (Demonspawn Conjurer)            Turns: 1247, Time: 00:02:27

Health: 25/27      AC:  2    Str:  7    XL:     3   Next: 1%
Magic:  1/6        EV: 12    Int: 21    God:
Gold:   40         SH:  0    Dex: 11    Spells: 3/6 levels left

rFire   . . .      SeeInvis .    f - +0 dagger
rCold   . . .      Faith    .    (no shield)
rNeg    . . .      Spirit   .    a - +0 robe
rPois   +          Reflect  .    (no helmet)
rElec   .          Harm     .    (no cloak)
rCorr   .          Rampage  .    (no gloves)
Will    .....                    (no boots)
Stlth   ++                       (no amulet)
HPRegen 0.24/turn                j - ring of poison resistance
MPRegen 0.10/turn                (no ring)

@: no status effects
A: claws 1, foul stench 1
a: no special abilities


You were on level 2 of the Dungeon.
You visited 1 branch of the dungeon, and saw 2 of its levels.

You collected 40 gold pieces.

Inventory:

Hand Weapons
 d - a +0 whip
 f - a +0 dagger (weapon)
Armour
 a - a +0 robe (worn)
Jewellery
 j - a ring of poison resistance (left claw)
Scrolls
 c - a scroll of teleportation {unknown}
 e - a scroll of amnesia {unknown}
 g - a scroll of acquirement {unknown}
 i - a scroll of noise {unknown}
 k - a scroll of enchant armour {unknown}
Potions
 b - a potion of magic
 h - a potion of haste {unknown}


   Skills:
 + Level 1.8 Fighting
 - Level 1.7 Dodging
 - Level 1.7 Stealth
 - Level 2.0 Spellcasting
 + Level 4.5 Conjurations


You had 3 spell levels left.
You knew the following spells:

 Your Spells              Type           Power      Damage    Failure   Level
a - Magic Dart            Conj           84%        1d7       2%          1
b - Searing Ray           Conj           42%        2d6       3%          2

Your spell library contained the following spells:

 Spells                   Type           Power      Damage    Failure   Level
 Dazzling Flash           Conj/Hex       22%        N/A       17%         3
 Fulminant Prism          Conj/Hex       5%         3d7       50%         4
 Iskenderun's Mystic Bla  Conj/Tloc      11%        2d4       50%         4


Dungeon Overview and Level Annotations

Branches:
Dungeon (2/15) Zot: 10753

Altars:


Innate Abilities, Weirdness & Mutations

You have sharp fingernails.
You may rarely emit foul miasma when damaged in melee.


Message History

You hit the ball python.
You kill the ball python!
No target in view!
HP restored.
You see here a +0 leather armour.
You now have 40 gold pieces (gained 11).
You see here a +0 scale mail.
An adder comes into view.
The adder hisses angrily.
The adder closely misses you. The adder bites you but does no damage.
You hit the adder.
The adder is lightly wounded.
The adder bites you.
Casting: Magic Dart (safe; 2% risk of failure)
Confirm with . or Enter, or press ? or * to list all spells.
Aiming: Magic Dart (safe; 2% risk of failure)
Press: ? - help, Shift-Dir - straight line, f - adder
Aim: an adder (lightly wounded, 100% to hit)
The magic dart hits the adder.
The adder is moderately wounded.
The adder barely misses you.
Casting: Magic Dart (safe; 2% risk of failure)
Confirm with . or Enter, or press ? or * to list all spells.
Aiming: Searing Ray (safe; 4% risk of failure)
Press: ? - help, Shift-Dir - straight line, f/p - adder
Aim: an adder (moderately wounded, 63% to hit)
The searing ray hits the adder.
The adder is almost dead. (Press . to maintain the ray.)
The adder closely misses you.
Unknown command.
The searing ray hits the adder.
You kill the adder!
You have reached level 3!
Your experience leads to an increase in your attributes!
Increase (S)trength, (I)ntelligence, or (D)exterity?
Uppercase letters only, please.
You feel clever. x2; Your demonic ancestry asserts itself...
You begin to emit a foul stench of rot and decay.
Are you sure you want to abandon this character and quit the game? (Confirm with "yes".)

.. .. #. .. #.
.#.# ###. .#.#
#...#.#.#
#.##....#
#.##.##†...#
#.#.@.#....###
.##..†#..[.....#
#.....##........#
####...#..[.....#
#.#...#.....##
#.##.<#.....# #
#.........###
#.###........ #.
#.....#.#


There were no monsters in sight!

Vanquished Creatures
  An adder (D:2)
  2 endoplasms (D:1)
  3 goblins (D:1)
  3 jackals (D:1)
  3 kobolds (D:1)
  A quokka (D:1)
  2 ball pythons
  2 bats (D:1)
  2 frilled lizards (D:1)
  A rat (D:1)
20 creatures vanquished.

Notes
Turn   | Place    | Note
-------+----------+-------------------------------------------
     0 | D:1      | ooooo the Demonspawn Conjurer began the quest for the Orb.
     0 | D:1      | Reached XP level 1. HP: 13/13 MP: 3/3
   371 | D:1      | Reached skill level 1 in Fighting
   397 | D:1      | Gained mutation: You have sharp fingernails. [demonic
                  | ancestry]
   397 | D:1      | Reached XP level 2. HP: 21/21 MP: 1/5
   629 | D:1      | Learned a level 2 spell: Searing Ray
   916 | D:1      | Found a faded altar of an unknown god.
  1247 | D:2      | Gained mutation: You may rarely emit foul miasma when
                  | damaged in melee. [demonic ancestry]
  1247 | D:2      | Reached XP level 3. HP: 25/27 MP: 1/6
  1247 | D:2      | Quit the game

Illustrated notes

Levels and vault maps discovered:
D:1:      roderic_chinese_lattice_arrival, layout_basic, basic_ecumenical_altar
D:2:      layout_loops_ring

Skill      XL: |  1 |
---------------+----+-----
Fighting       | 1 |  1.8
Dodging        | |  1.7
Stealth        | |  1.7
Spellcasting   | |  2.0
Conjurations   | |  4.5

Action                   || total
-------------------------++-------
Melee: Whip              ||    12
       Dagger            ||     5
 Cast: Magic Dart        ||    24
       Searing Ray       ||     1
 Stab: Sleeping          ||     2
Armor: Robe              ||     6
Dodge: Dodged            ||    20

Table legend: (Time is in decaauts)
 A = Elapsed time spent in this place.
 B = Non-inter-level travel time spent in this place.
 C = Inter-level travel time spent in this place.
 D = Time resting spent in this place.
 E = Time spent auto-exploring this place.
 F = Levels seen in this place.
 G = Mean time per level.
                   A        B        C        D        E       F      G
               +--------+--------+--------+--------+--------+-----+--------+
         Total |   1246 |   1222 |     24 |    191 |    886 |   2 |  623.0 |
       Dungeon |   1246 |   1222 |     24 |    191 |    886 |   2 |  623.0 |
               +--------+--------+--------+--------+--------+-----+--------+

Top non-repeatable levels by time:
     D:1: 1215 daAuts
     D:2: 30 daAuts
